 Dungeon Crawl Stone Soup version 0.30.1-4-g462c640d31 (webtiles) character file.

Game seed: 12424336473555467918

16068 growler the Stormcaller (level 12, -2/71 HPs)
             Began as a Tengu Air Elementalist on Sept 17, 2023.
             Was a High Priest of Hepliaklqana.
             Slain by an eight-headed hydra (11 damage)
             ... on level 2 of the Lair of Beasts.
             The game lasted 00:39:24 (15295 turns).

growler the Stormcaller (Tengu Air Elementalist)   Turns: 15295, Time: 00:39:24

Health: -2/71      AC:  4    Str:  9    XL:     12   Next: 33%
Magic:  22/22      EV: 14    Int: 20    God:    Hepliaklqana [*****.]
Gold:   1036       SH:  0    Dex: 15    Spells: 13/23 levels left

rFire   . . .        R - +8 dagger (vamp)
rCold   . . .        (no shield)
rNeg    . . .        a - +0 robe
rPois   +            (helmet restricted)
rElec   .            (no cloak)
rCorr   .            f - +1 pair of gloves
SInv    .            (boots unavailable)
Will    .....        p - amulet of regeneration
Stlth   ++           t - +4 ring of slaying
HPRegen 1.11/turn    M - ring of poison resistance
MPRegen 0.18/turn

%: no passive effects
@: flying quickly and evasively, quick
A: reduced essence, beak, talons 3, nimble flight
a: Renounce Religion, Recall Ancestor, Ancestor Identity, Transference, Idealise


You were on level 2 of the Lair of Beasts.
You worshipped Hepliaklqana.
Hepliaklqana was extremely pleased with you.
You visited 3 branches of the dungeon, and saw 14 of its levels.
You also visited: Sewer.

You collected 1036 gold pieces.

Inventory:

Hand Weapons
 C - a +2 dagger of draining
 R - a +8 vampiric dagger (weapon)
Missiles
 o - 3 throwing nets
Armour
 a - a +0 robe (worn)
 f - a +1 pair of gloves (worn)
 h - a +0 buckler
Jewellery
 p - an amulet of regeneration (around neck)
 q - an amulet of guardian spirit
 t - a +4 ring of slaying (left hand)
 E - a +4 ring of slaying
 L - a +6 ring of strength
 M - a ring of poison resistance (right hand)
 N - a ring of wizardry
 Q - a ring of willpower
Wands
 i - a wand of acid (4)
 x - a wand of flame (18)
 D - a wand of mindburst (17)
 G - a wand of roots (18)
 J - a wand of paralysis (27)
Scrolls
 c - 2 scrolls of brand weapon
 d - a scroll of silence {unknown}
 e - 4 scrolls of magic mapping
 k - 6 scrolls of noise
 m - a scroll of immolation
 n - 4 scrolls of vulnerability
 r - a scroll of enchant armour
 w - 3 scrolls of teleportation
 y - a scroll of identify
 B - 2 scrolls of butterflies
 F - a scroll of enchant weapon
 O - 2 scrolls of amnesia
 S - a scroll of fear {unknown}
Potions
 b - 2 potions of magic
 g - 2 potions of attraction
 j - 3 potions of mutation
 l - 3 potions of haste
 s - 2 potions of flight
 u - 3 potions of lignification
 v - 4 potions of brilliance {unknown}
 z - 4 potions of curing
 A - 4 potions of invisibility
 H - a potion of might
 I - 2 potions of experience
 K - 3 potions of ambrosia
 T - a potion of heal wounds


   Skills:
 + Level 10.8 Fighting
 - Level 10.0 Short Blades
 - Level 2.1 Dodging
 - Level 2.0 Stealth
 + Level 1.7 Shields
 - Level 6.0 Spellcasting
 - Level 6.0 Conjurations
 + Level 15.3 Air Magic


You had 13 spell levels left.
You knew the following spells:

 Your Spells              Type           Power      Damage    Failure   Level
a - Shock                 Conj/Air       100%       1d9       1%          1
b - Static Discharge      Conj/Air       96%        2-6/arc   1%          2
c - Swiftness             Air            61%        N/A       1%          3
d - Airstrike             Air            30%        2d(5-21)  1%          4

Your spell library contained the following spells:

 Spells                   Type           Power      Damage    Failure   Level
 Hailstorm                Conj/Ice       18%        3d6       9%          3
 Freeze                   Ice            24%        1d4       11%         1
 Frozen Ramparts          Ice            12%        1d2       30%         3
 Borgnjor's Revivificati  Necr           3%         N/A       100%        8
 Necromutation            Tmut/Necr      3%         N/A       100%        8
 Death's Door             Necr           3%         N/A       100%        9


Dungeon Overview and Level Annotations

Branches:
Dungeon (11/15)            Temple (1/1) D:5            Lair (2/5) D:10
    Orc (0/2) D:9           Sewer (visited)
  Swamp: Lair:2-3    Shoals: Lair:2-3     Snake: Lair:2-3    Spider: Lair:2-3

Altars:
Ashenzari
Cheibriados
Dithmenos
Elyvilon
Fedhas
Gozag
Hepliaklqana
Kikubaaqudgha
Makhleb
Nemelex Xobeh
Okawaru
Qazlal
Ru
Sif Muna
Trog
Uskayaw
Vehumet
Wu Jian
Xom
Yredelemnul
Zin
The Shining One

Shops:
D:3 [   D:8 (

Annotations:
D:7 1 runed translucent door, middlethird's ghost, novice FoNe


Innate Abilities, Weirdness & Mutations

Your life essence is reduced to manifest your ancestor. (-10% HP)
You have a beak for a mouth.
You have claws for feet.
Your magical nature lets you fly swiftly and evasively.


Message History

The skyshark bites Reggie B. but does no damage.
The skyshark barely misses Reggie B..
The skyshark tail-slaps Reggie B..
Reggie B. gestures at the skyshark while chanting.
The skyshark easily resists.
The skyshark bites Reggie B.!
The skyshark barely misses Reggie B..
The skyshark tail-slaps Reggie B.!
Reggie B. points at the skyshark and mumbles some strange words.
The skyshark appears confused.
The skyshark bites Reggie B.!
Reggie B. is destroyed!
You hit the skyshark. You claw the skyshark!
The skyshark is severely wounded.
The skyshark misses you. x2; The skyshark tail-slaps you.
You hit the skyshark.
You feel better.
You claw the skyshark!
You peck the skyshark, but do no damage.
The skyshark is almost dead.
You catch the helpless skyshark completely off-guard!
You impale the skyshark!!
You feel better.
You kill the skyshark!
Unknown command.
You start resting.
Reggie B. emerges from the mists of memory!
You start resting.
Magic restored.
You swap places.
You reach down and open the door.
There is an open door here.
An eight-headed hydra and a swamp worm come into view.
The swamp worm fires a harpoon shot at you.
The harpoon shot hits you!!
You are yanked forward by the harpoon shot.
Unknown command.
The helpless eight-headed hydra fails to defend itself.
You skewer the eight-headed hydra like a kebab!!!
You claw the eight-headed hydra. You peck the eight-headed hydra.
The eight-headed hydra is severely wounded.
The eight-headed hydra bites you. The eight-headed hydra bites you! x2
The eight-headed hydra bites you. The eight-headed hydra bites you!
* * * LOW HITPOINT WARNING * * *
The eight-headed hydra bites you!
You die...

.........#.♣
........#.#. ..♣
.........#♣ ..
#PP.....###♣ ..
###.....'..♣ ♣♣♣♣§
#.....R#.♣ ♣♣..§
#.....#.##♣♣♣...♣♣♣♣
#......##.♣♣.D.w~≈≈♣♣
##......#.♣♣ ♣~@~≈~≈≈♣
...........♣♣~~≈~~≈≈≈♣
...........♣♣...~~~~≈≈♣
...........R♣♣..♣♣♣♣♣♣♣
.....................
....................
....................
#..................#
......#.#.P...#....#


You could see an eight-headed hydra and a swamp worm.

Vanquished Creatures
  4 two-headed ogres
  A skyshark (Lair:2)
  An unseen horror (D:11)
  A cane toad (Lair:1)
  4 trolls
  2 polar bears (D:11)
  3 blink frogs (Lair:1)
  3 dream sheep (D:8)
  A vampire (D:11)
  13 yaks
  3 shadows
  A wraith (D:11)
  3 wyverns
  Eustachio (D:6)
  A warg (D:10)
  3 acid dragons
  3 water moccasins (Lair:1)
  A sky beast (D:8)
  7 orc warriors
  An ogre (D:7)
  3 centaurs (D:9)
  A phantom (D:4)
  3 kobold brigands
  7 bullfrogs
  4 scorpions
  5 wights
  12 killer bees
  4 howler monkeys
  8 orc priests
  3 hounds
  6 jellies
  A gnoll bouda (D:8)
  2 hexers
  3 iguanas
  16 orc wizards
  8 gnolls
  A river rat (Sewer)
  7 adders
  2 shadow imps
  4 worms
  2 dart slugs
  29 orcs
  6 bats
  23 endoplasms
  5 giant cockroaches
  3 goblins
  11 hobgoblins
  3 quokkas
  9 ball pythons
  5 frilled lizards
  22 kobolds
  7 rats
282 creatures vanquished.

Vanquished Creatures (collateral kills)
  A two-headed ogre (D:11)
  A komodo dragon (Lair:1)
  2 trolls
  A yak (D:9)
  A warg (D:10)
  3 orc warriors
  2 killer bees
  A howler monkey (D:9)
  A hound (D:6)
  3 orc priests
  4 orc wizards
  5 orcs
  3 kobolds (D:6)
28 creatures vanquished.

Vanquished Creatures (others)
  2 hexers
  2 ancestors (D:7)
4 creatures vanquished.

Grand Total: 314 creatures vanquished

Notes
Turn   | Place    | Note
-------+----------+-------------------------------------------
     0 | D:1      | growler the Tengu Air Elementalist began the quest for the
                  | Orb.
     0 | D:1      | Reached XP level 1. HP: 10/10 MP: 4/4
   254 | D:1      | Reached XP level 2. HP: 15/15 MP: 4/6
   257 | D:1      | Learned a level 2 spell: Static Discharge
  1032 | D:2      | Reached XP level 3. HP: 13/19 MP: 0/7
  1036 | D:2      | Learned a level 3 spell: Swiftness
  1528 | D:2      | Reached XP level 4. HP: 24/24 MP: 2/9
  1805 | D:2      | Reached skill level 5 in Air Magic
  1910 | D:2      | Found a faded altar of an unknown god.
  2535 | D:3      | Found Ukhu's Armour Boutique.
  2576 | D:3      | Gained mutation: Your magical nature lets you fly swiftly
                  | and evasively. [Tengu growth]
  2576 | D:3      | Reached XP level 5. HP: 27/28 MP: 2/10
  2713 | D:2      | Learned a level 4 spell: Airstrike
  3263 | D:3      | Reached skill level 6 in Air Magic
  3263 | D:3      | Reached XP level 6. HP: 32/32 MP: 1/12
  4004 | D:4      | Identified the +1 leather armour "Tamufomn" {rPois rF-
                  | rN+++ Slay-5}
  4184 | D:4      | Reached skill level 5 in Conjurations
  4401 | D:4      | Reached XP level 7. HP: 23/36 MP: 7/14
  4538 | D:4      | Reached skill level 7 in Air Magic
  4634 | D:5      | Entered Level 5 of the Dungeon
  4836 | D:5      | Found a staircase to the Ecumenical Temple.
  4844 | Temple   | Entered the Ecumenical Temple
  4883 | Temple   | Became a worshipper of Hepliaklqana the Forgotten
  4918 | D:5      | Reached skill level 1 in Fighting
  5027 | D:5      | Found a glowing drain.
  5105 | Sewer    | Entered a sewer
  5382 | Sewer    | Reached skill level 5 in Spellcasting
  5382 | Sewer    | Reached XP level 8. HP: 44/44 MP: 11/16
  5570 | Sewer    | Reached skill level 8 in Air Magic
  5618 | Sewer    | Found a viscous altar of Jiyva.
  5817 | D:5      | You are sucked into a shaft and drop 3 floors!
  5868 | D:8      | Noticed a dream sheep
  5869 | D:8      | Noticed a dream sheep
  5870 | D:8      | Noticed a dream sheep
  5886 | D:8      | Killed a dream sheep
  5909 | D:8      | Noticed a two-headed ogre
  5920 | D:8      | Killed a two-headed ogre
  5921 | D:8      | Reached skill level 9 in Air Magic
  5921 | D:8      | Reached XP level 9. HP: 53/53 MP: 0/19
  6120 | D:8      | Reached skill level 5 in Fighting
  6261 | D:8      | Reached skill level 1 in Short Blades
  6358 | D:8      | Noticed a two-headed ogre
  6366 | D:8      | Killed a two-headed ogre
  6367 | D:8      | Reached skill level 10 in Air Magic
  6492 | D:8      | Noticed a troll
  6496 | D:8      | Killed a troll
  6656 | D:7      | Reached * piety under Hepliaklqana
  6679 | D:7      | Reached skill level 11 in Air Magic
  6727 | D:7      | Reached XP level 10. HP: 54/54 MP: 7/20
  6942 | D:6      | Noticed Eustachio
  6993 | D:6      | Killed Eustachio
  7099 | D:6      | Reached skill level 5 in Short Blades
  7462 | D:5      | Found a radiant altar of Vehumet.
  7890 | D:6      | Found a shimmering blue altar of Sif Muna.
  8252 | D:7      | Reached ** piety under Hepliaklqana
  8253 | D:7      | Remembered your ancestor Reggie B. as a hexer
  8388 | D:7      | Found an ancient bone altar of Kikubaaqudgha.
  8393 | D:7      | Reached skill level 12 in Air Magic
  8577 | D:7      | Found a runed translucent door.
  8578 | D:7      | Noticed middlethird's ghost (novice FoNe)
  9607 | D:8      | Found Viej's Antique Weapon Shoppe.
  9637 | D:8      | Reached *** piety under Hepliaklqana
  9881 | D:9      | Reached XP level 11. HP: 58/62 MP: 10/21
  9955 | D:9      | Reached skill level 13 in Air Magic
 10094 | D:9      | Noticed a two-headed ogre
 10145 | D:9      | Killed a two-headed ogre
 11013 | D:9      | Found a staircase to the Orcish Mines.
 11084 | D:10     | Entered Level 10 of the Dungeon
 11179 | D:10     | Found a staircase to the Lair.
 11557 | D:10     | Noticed a two-headed ogre
 11560 | D:10     | Killed a two-headed ogre
 11561 | D:10     | Reached skill level 14 in Air Magic
 11747 | D:10     | Reached **** piety under Hepliaklqana
 12689 | D:11     | Found a bloodstained altar of Trog.
 12875 | D:11     | Reached skill level 10 in Fighting
 13900 | D:11     | Reached ***** piety under Hepliaklqana
 13910 | D:11     | Noticed a two-headed ogre
 13914 | D:11     | Killed a two-headed ogre
 13915 | D:11     | Reached XP level 12. HP: 69/69 MP: 5/22
 14159 | Lair:1   | Entered Level 1 of the Lair of Beasts
 14571 | Lair:1   | Reached skill level 10 in Short Blades
 14571 | Lair:1   | Reached skill level 15 in Air Magic
 15080 | Lair:1   | Reached skill level 1 in Shields
 15152 | Lair:2   | Noticed a skyshark
 15163 | Lair:2   | Killed a skyshark
 15294 | Lair:2   | Noticed an eight-headed hydra
 15295 | Lair:2   | Slain by an eight-headed hydra

Illustrated notes

Levels and vault maps discovered:
D:1:      noname_arrival_rooms_in_the_neighbourhood, layout_basic, minivault_14
D:2:      layout_loops_ring, dreamdust_ecumenical_altar_angels_and_demons,
          guppyfry_early_lair_pool
D:3:      layout_loops_ring, serial_shops, shop
D:4:      cheibrodos_thug_alley, layout_cave_pools
D:5:      layout_basic, lemuel_round_altar, minmay_temple_entry_glass,
          portal_sewer_entry_a
D:6:      layout_rooms, kennysheep_orc_sif_temple, uniq_eustachio
D:7:      layout_cave_pools, nicolae_kikubaaqudgha_miasma_corner,
          gammafunk_ghost_grave, grunt_ministairs_4, nicolae_titane
D:8:      layout_cave_pods, serial_shops, nicolae_shop_overgrown_old_shop,
          dreamdust_gnoll_shepherd
D:9:      layout_cave_pools, david_orc_4, serial_park_tiny_1
D:10:     layout_irregular_city, erik_lair_orcish_takeover, enter_bailey_4,
          kennysheep_decorative_pillar
D:11:     minmay_goldmine, layout_irregular_city, trog_ov_bears_minmay
Temple:   hellmonk_temple_of_storms
Lair:1:   layout_regular_city, grunt_megastairs_5
Lair:2:   layout_regular_city, palyth_hydra_swamp_entry, uniq_urug

Skill      XL: |  1  2  3  4  5  6  7  8  9 10 11 12 |
---------------+-------------------------------------+-----
Conjurations   | 2 3 4 5 6 |  6.0
Air Magic      | 5 6 7 9 11 12 14 15 | 15.3
Spellcasting   | 3 4 5 6 |  6.0
Fighting       | 1 4 6 8 10 | 10.8
Short Blades   | 4 7 9 10 | 10.0
Shields        | 1 |  1.7
Dodging        | |  2.1
Stealth        | |  2.0

Action                     |  1- 3 |  4- 6 |  7- 9 | 10-12 || total
---------------------------+-------+-------+-------+-------++-------
  Melee: Unarmed           |    10 |       |       |       ||    10
         Kick              |     2 |     1 |     2 |    40 ||    45
         Peck              |     2 |     1 |     3 |    27 ||    33
         Dagger            |       |     4 |    21 |   117 ||   142
   Cast: Shock             |    77 |   128 |   109 |    36 ||   350
         Static Discharge  |     2 |     5 |    22 |    35 ||    64
         Airstrike         |       |       |    17 |   144 ||   161
 Invoke: Ancestor Identity |       |       |     1 |       ||     1
         Recall Ancestor   |       |       |       |     7 ||     7
         Ancestor Life: He |       |       |       |     1 ||     1
  Evoke: Wand              |       |       |     3 |       ||     3
    Use: Scroll            |       |       |    10 |    17 ||    27
   Stab: Sleeping          |       |       |     2 |     2 ||     4
         Distracted        |       |       |       |     1 ||     1
         Confused          |       |       |       |     5 ||     5
 Armour: Robe              |     5 |     4 |     1 |    20 ||    30
  Dodge: Dodged            |    13 |     9 |    26 |    91 ||   139
